 Dungeon Crawl Stone Soup version 0.18-a0-23-g19353e1 (webtiles) character file.

291 radek the Conjurer (level 6, -2/32 HPs)
             Began as a Deep Elf Conjurer on Nov 2, 2015.
             Killed by divine providence
             ... invoked by an orc priest
              (10 damage)
             ... on level 4 of the Dungeon.
             The game lasted 00:08:42 (3332 turns).

radek the Conjurer (Deep Elf Conjurer)              Turns: 3332, Time: 00:08:42

Health: -2/32      AC:  4    Str:  6    XL:     6   Next: 10%
Magic:  1/12       EV: 13    Int: 21    God:
Gold:   221        SH:  0    Dex: 15    Spells: 2 memorised, 5 levels left

rFire  . . .     SeeInvis .     f - +0 short sword
rCold  . . .     Clarity  .     a - +0 robe
rNeg   . . .     SustAt   .     (no shield)
rPois  .         Gourm    .     (no helmet)
rElec  .         Spirit   .     v - +0 cloak
rCorr  +         Warding  .     (no gloves)
rMut   .         Stasis   .     j - +0 pair of boots
MR     .....                    l - amulet of resist corrosion
Stlth  ++........               (no ring)
                                (no ring)

@: not resistant to hostile enchantments, unstealthy
A: no striking features
a: no special abilities


You were on level 4 of the Dungeon.
You were hungry.

You visited 1 branch of the dungeon, and saw 4 of its levels.

You collected 221 gold pieces.

Inventory:

Hand Weapons
 f - a +0 short sword (weapon)
Armour
 a - a +0 robe (worn)
 g - a +0 pair of boots
 j - a +0 pair of boots (worn)
 k - a +0 pair of boots
 v - a +0 cloak (worn)
Jewellery
 l - an amulet of resist corrosion (around neck)
 m - an uncursed amulet of warding {unknown}
Scrolls
 e - 5 scrolls of identify {unknown}
 o - 2 scrolls of teleportation {unknown}
 p - a scroll of amnesia {unknown}
 q - a scroll of enchant weapon {unknown}
 r - a scroll of remove curse {unknown}
 u - 2 scrolls of magic mapping {unknown}
Potions
 d - a potion of ambrosia {unknown}
 i - a potion of mutation {unknown}
 n - a potion of heal wounds {unknown}
 s - 2 potions of magic {unknown}
 t - a potion of resistance {unknown}
Books
 b - a book of Conjurations

   Spells                             Type                      Level
   a - Magic Dart                     Conjuration                  1
   b - Searing Ray                    Conjuration                  2
   c - Dazzling Spray                 Conjuration/Hexes            3
   d - Fulminant Prism                Conjuration/Hexes            4
   e - Iskenderun's Mystic Blast      Conjuration                  4
   f - Iskenderun's Battlesphere      Conjuration/Charms           5
Comestibles
 c - 3 bread rations
 h - 2 chunks of flesh


   Skills:
 - Level 2.4 Dodging
 - Level 2.4 Stealth
 - Level 3.0 Spellcasting
 - Level 7.0 Conjurations
 + Level 5.1 Charms


You had 5 spell levels left.
You knew the following spells:

 Your Spells              Type           Power        Failure   Level  Hunger
a - Magic Dart            Conj           ####         1%          1    None
b - Iskenderun's Battles  Conj/Chrm      ####....     34%         5    ######.


Dungeon Overview and Level Annotations

Branches:
Dungeon (4/15)
 Temple: D:4-7

Altars:
Elyvilon
Gozag
Qazlal
Sif Muna
Trog
Xom
Yredelemnul


Message History

Your battlesphere fires!
Your battlesphere expends the last of its energy and dissipates.
Casting: Magic Dart
Confirm with . or Enter, or press ? or * to list all spells.
Aiming: Magic Dart
Press: ? - help, Shift-Dir - straight line, f - orc priest
Aim: an orc priest, wielding a club and wearing a scale mail The magic dart hits the orc priest.
Casting: Magic Dart
Confirm with . or Enter, or press ? or * to list all spells.
You don't have enough magic to cast that spell.
Casting: Magic Dart
Confirm with . or Enter, or press ? or * to list all spells.
You don't have enough magic to cast that spell.
The orc priest mumbles some strange prayers to Beogh against you.
Pain shoots through your body!
* * * LOW HITPOINT WARNING * * *
The orc priest invokes the aid of Beogh against you.
Something smites you!
You die...

#### # ##+######.[.###+#
...######................
.....))..................
##..##...................
#. #.....o.............
.o #..##.._...@....... .
#..##...###....####
#.#####.###.<..# ###
##.#..........
###.......... +..........
#.......... ##....##...
#....# ...


You could see an orc priest.

Vanquished Creatures
  A giant frog skeleton (D:3)
  2 orc wizards (D:4)
  A hound skeleton (D:4)
  6 adders
  7 gnolls
  An ooze (D:3)
  4 worms
  2 orcs
  7 bats
  5 goblins
  9 hobgoblins
  4 jackals
  5 kobolds
  A quokka (D:4)
  2 giant geckos
  3 giant newts (D:1)
  11 rats
71 creatures vanquished.

Notes
Turn   | Place    | Note
--------------------------------------------------------------
     0 | D:1      | radek the Deep Elf Conjurer began the quest for the Orb.
     0 | D:1      | Reached XP level 1. HP: 10/10 MP: 6/6
   351 | D:1      | Reached XP level 2. HP: 15/15 MP: 5/8
   406 | D:1      | Reached skill level 5 in Conjurations
   775 | D:1      | Reached XP level 3. HP: 19/19 MP: 3/9
  1324 | D:2      | Found a bloodstained altar of Trog.
  1331 | D:2      | Reached skill level 6 in Conjurations
  1336 | D:2      | Found a deep blue altar of Sif Muna.
  1342 | D:2      | Found a stormy altar of Qazlal.
  1342 | D:2      | Found an opulent altar of Gozag.
  1350 | D:2      | Found a white marble altar of Elyvilon.
  1354 | D:2      | Found a shimmering altar of Xom.
  1391 | D:2      | Reached XP level 4. HP: 24/24 MP: 5/10
  2296 | D:2      | Reached skill level 7 in Conjurations
  2296 | D:2      | Reached XP level 5. HP: 28/28 MP: 6/11
  2303 | D:2      | Learned a level 5 spell: Iskenderun's Battlesphere
  2485 | D:3      | Reached skill level 1 in Charms
  2787 | D:3      | Found a stormy altar of Qazlal.
  3288 | D:4      | Found a basalt altar of Yredelemnul.
  3323 | D:4      | Reached skill level 5 in Charms
  3323 | D:4      | Reached XP level 6. HP: 18/32 MP: 1/12
  3332 | D:4      | Killed from afar by an orc priest

Vault maps used:
D:1:      dpeg_arrival_three_bigger_balls
D:2:      minmay_overflow_temple_hex
D:3:      first_bread, kennysheep_decorative_pillar, grunt_qazlal_clouds
D:4:      lemuel_round_altar, overflow_temple_1_default,
          nicolae_ossuary_entry_monument, saegor_snake_ambush

Action                   |  1- 3 |  4- 6 || total
-------------------------+-------+-------++-------
Melee: Short sword       |       |     2 ||     2
 Cast: Magic Dart        |    82 |   105 ||   187
       Iskenderun's Batt |       |     1 ||     1
  Eat: Pizza             |       |     1 ||     1
       Chunk             |       |     1 ||     1
       Bread ration      |       |     1 ||     1
